 Dungeon Crawl Stone Soup version 0.25-a0-35-g747a2b3c0c (webtiles) character file.

Game seed: 6325203851482664047, levelgen mode: deterministic

280 Gynju the Magician (level 6, 0/32 HPs)
             Began as a Deep Elf Fire Elementalist on Oct 18, 2019.
             Slain by an orc warrior
             ... wielding a +0 hand axe
              (1 damage)
             ... on level 5 of the Dungeon.
             The game lasted 00:04:17 (2898 turns).

Gynju the Magician (Deep Elf Fire Elementalist)     Turns: 2898, Time: 00:04:18

Health: 0/32       AC:  3    Str:  5    XL:     6   Next: 5%
Magic:  11/15      EV: 13    Int: 22    God:
Gold:   208        SH:  0    Dex: 15    Spells: 8/14 levels left

rFire    . . .     SeeInvis .   m - +3 spear
rCold    . . .     Gourm    .   (no shield)
rNeg     . . .     Faith    .   a - +0 robe
rPois    .         Spirit   .   i - +0 helmet
rElec    .         Reflect  .   (no cloak)
rCorr    .         Harm     .   (no gloves)
MR       .....                  (no boots)
Stlth    ++........             (no amulet)
HPRegen  0.10/turn              (no ring)
MPRegen  0.14/turn              (no ring)

@: very slightly contaminated, heavily drained
A: no striking features
a: no special abilities


You were on level 5 of the Dungeon.
You were not hungry.

You visited 1 branch of the dungeon, and saw 5 of its levels.

You collected 208 gold pieces.

Inventory:

Hand Weapons
 m - a +3 spear (weapon)
Armour
 a - a +0 robe (worn)
 i - a +0 helmet (worn)
Jewellery
 p - an uncursed amulet of harm
Scrolls
 d - 3 scrolls of magic mapping {unknown}
 e - 4 scrolls of identify {unknown}
 j - a scroll of teleportation {unknown}
 k - a scroll of amnesia {unknown}
 l - 3 scrolls of fog {unknown}
 r - a scroll of remove curse {unknown}
Potions
 b - 7 potions of curing {unknown}
 f - 2 potions of degeneration {unknown}
 g - a potion of brilliance {unknown}
 h - a potion of might {unknown}
 n - a potion of lignification {unknown}
 o - a potion of ambrosia {unknown}
 q - 2 potions of mutation {unknown}
Comestibles
 c - 5 rations
 s - 3 chunks of flesh


   Skills:
 + Level 4.3(2.6) Dodging
 - Level 2.4(0.8) Stealth
 + Level 4.9(3.2) Spellcasting
 + Level 3.3(1.7) Conjurations
 + Level 4.6(2.9) Fire Magic


You had 8 spell levels left.
You knew the following spells:

 Your Spells              Type           Power        Failure   Level  Hunger
a - Flame Tongue          Conj/Fire      ##...        4%          1    None
b - Throw Flame           Conj/Fire      ##....       7%          2    ##.....
c - Conjure Flame         Conj/Fire      ##......     14%         3    ###....

Your spell library contained the following spells:

 Spells                   Type           Power        Failure   Level  Hunger
 Inner Flame              Hex/Fire       ##......     21%         3    ###....
 Sticky Flame             Conj/Fire      ##......     43%         4    ####...
 Fireball                 Conj/Fire      ##........   78%         5    ######.


Dungeon Overview and Level Annotations

Branches:
Dungeon (6/15)
 Temple: D:4-7

Altars:

Annotations:
D:3 1 runed translucent door, Torax's ghost, amateur FeCj


Message History

* * * LOW HITPOINT WARNING * * *
Casting: Flame Tongue (safe; 4% risk of failure)
Confirm with . or Enter, or press ? or * to list all spells.
Aiming: Flame Tongue (safe; 4% risk of failure)
Press: ? - help, Shift-Dir - straight line, f/p - bullfrog
Aim: a bullfrog (moderately wounded)
The flame tongue misses the bullfrog.
The bullfrog hits you.
* * * LOW HITPOINT WARNING * * *
The orc hits you with a +0 short sword.
* * * LOW HITPOINT WARNING * * *
Casting: Flame Tongue (safe; 4% risk of failure)
Confirm with . or Enter, or press ? or * to list all spells.
Aiming: Flame Tongue (safe; 4% risk of failure)
Press: ? - help, Shift-Dir - straight line, f/p - bullfrog
Aim: a bullfrog (moderately wounded)
The flame tongue hits the bullfrog.
The bullfrog is heavily wounded.
The bullfrog closely misses you.
The orc warrior hits you with a +0 hand axe.
You die...

######
#.....
##....F##
.......@#
####..oo#
≈≈≈≈..≈.#
≈≈≈≈≈≈.≈#
#≈≈≈≈≈≈.#
##≈≈≈≈≈≈#
##≈≈≈≈≈#
≈.≈≈≈≈#


You could see an orc warrior, a bullfrog and an orc.

Vanquished Creatures
  A howler monkey (D:3)
  A hound (D:3)
  A worker ant (D:3)
  5 gnolls
  7 adders
  An adder zombie (D:2)
  A worm (D:2)
  2 dart slugs
  2 leopard geckos
  3 orcs (D:3)
  7 giant cockroaches
  6 goblins
  6 hobgoblins
  3 jackals (D:2)
  A quokka (D:2)
  6 bats
  6 frilled lizards
  4 kobolds
  10 rats
73 creatures vanquished.

Notes
Turn   | Place    | Note
-------+----------+-------------------------------------------
     0 | D:1      | Gynju the Deep Elf Fire Elementalist began the quest for
                  | the Orb.
     0 | D:1      | Reached XP level 1. HP: 10/10 MP: 6/6
   244 | D:1      | Reached XP level 2. HP: 9/15 MP: 4/8
   459 | D:1      | Reached XP level 3. HP: 19/19 MP: 0/10
   463 | D:1      | Learned a level 2 spell: Throw Flame
   467 | D:1      | Learned a level 3 spell: Conjure Flame
  1377 | D:2      | Reached XP level 4. HP: 19/24 MP: 9/12
  1980 | D:3      | Reached XP level 5. HP: 28/28 MP: 10/13
  2584 | D:3      | Found a runed translucent door.
  2585 | D:3      | Noticed Torax's ghost (amateur FeCj)
  2675 | D:3      | Reached XP level 6. HP: 32/32 MP: 12/15
  2860 | D:3      | You fall into a shaft and drop 3 floors!
  2887 | D:6      | Noticed an orc warrior
  2894 | D:5      | Entered Level 5 of the Dungeon
  2897 | D:5      | HP: 1/32 [orc/+0 short sword (3)]
  2898 | D:5      | Slain by an orc warrior

Levels and vault maps discovered:
D:1:      minmay_arrival_plants_in_alcoves, layout_loops_ring
D:2:      layout_rooms, minivault_11, minmay_tetromino_i2
D:3:      layout_basic, gammafunk_ghost_grave
D:5:      layout_basic, first_ration, minmay_parallelograms,
          chequers_serial_rivers_large_a, uniq_ijyb, uniq_pikel,
          uniq_blork_the_orc, uniq_grinder
D:6:      cheibrodos_two_vegetables, layout_basic, minmay_temple_entry_glass,
          hangedman_decor_growths, minmay_between, uniq_sigmund, uniq_edmund

Skill      XL: |  1  2  3  4  5 |
---------------+----------------+-----
Dodging        | 3 4 |  4.3
Conjurations   | 2 3 |  3.3
Spellcasting   | 4 |  4.9
Fire Magic     | 4 |  4.6
Stealth        | |  2.4

Action                   |  1- 3 |  4- 6 || total
-------------------------+-------+-------++-------
Melee: Unarmed           |     2 |       ||     2
       Spear             |       |     3 ||     3
 Cast: Flame Tongue      |    51 |    70 ||   121
       Conjure Flame     |       |     1 ||     1
  Eat: Chunk             |     1 |     5 ||     6
Armor: Robe              |     2 |     5 ||     7
Dodge: Dodged            |     9 |    38 ||    47

Table legend:
 A = Non-vault XP
 B = Vault XP
 C = Vault XP percentage of total XP
 D = Non-vault monster count
 E = Vault monster count
 F = Vault count percentage of total count
                 A         B        C        D         E       F
            +---------+---------+-------+---------+---------+-------
      Total |     398 |       2 |   0.5 |      71 |       2 |   2.7
            +---------+---------+-------+---------+---------+-------
        D:1 |      49 |       0 |   0.0 |      22 |       0 |   0.0
        D:2 |     124 |       2 |   1.6 |      25 |       2 |   7.4
        D:3 |     225 |       0 |   0.0 |      24 |       0 |   0.0
            +---------+---------+-------+---------+---------+-------
